 Dungeon Crawl Stone Soup version 0.27.1-35-g4d5d836560 (webtiles) character file.

Game seed: 11187149530483691894

1399 Delamore the Slicer (level 8, -6/50 HPs)
             Began as an Octopode Brigand on Apr 28, 2022.
             Killed from afar by an orc wizard (8 damage)
             ... with a puff of flame
             ... on level 5 of the Dungeon.
             The game lasted 00:06:47 (5517 turns).

Delamore the Slicer (Octopode Brigand)              Turns: 5517, Time: 00:06:47

Health: -6/50      AC:  1    Str: 11    XL:     8   Next: 69%
Magic:  8/8        EV: 12    Int: 13    God:
Gold:   138        SH:  0    Dex: 15    Spells: 7/7 levels left

rFire    . . .     SeeInvis .   r - +2 quick blade
rCold    . . .     Faith    .   (no shield)
rNeg     . . .     Spirit   .   (helmet restricted)
rPois    .         Reflect  .   (no amulet)
rElec    .         Harm     .   (no ring)
rCorr    .         Rampage  .   (no ring)
Will     .....                  (no ring)
Stlth    ++++......             (no ring)
HPRegen  0.16/turn              (no ring)
MPRegen  0.11/turn              (no ring)
                                (no ring)
                                (no ring)

@: brilliant
A: almost no armour, amphibious, 8 rings, camouflage 1, gelatinous body 1,
(nimble swimmer 1), tentacles
a: no special abilities


You were on level 5 of the Dungeon.
You visited 1 branch of the dungeon, and saw 5 of its levels.

You collected 138 gold pieces.

Inventory:

Hand Weapons
 a - a +2 dagger
 f - a +3 dagger of venom
 n - a +0 rapier of protection
 r - a +2 quick blade (weapon)
Missiles
 b - 13 poisoned darts (quivered)
Wands
 k - a wand of flame (14)
Scrolls
 g - 2 scrolls of teleportation
 j - a scroll of enchant armour
 l - 2 scrolls of fog
Potions
 e - 2 potions of lignification
 i - a potion of heal wounds {unknown}
 m - a potion of haste


   Skills:
 - Level 2.0 Fighting
 * Level 9.8 Short Blades
 - Level 4.0 Throwing
 - Level 1.0 Dodging
 - Level 6.0 Stealth


You had 7 spell levels left.
You didn't know any spells.
Your spell library contained the following spells:

 Spells                   Type           Power      Damage    Failure   Level
 Beastly Appendage        Tmut           0%         N/A       30%         1
 Wereblood                Tmut           0%         N/A       43%         2
 Gell's Gravitas          Tloc           0%         N/A       67%         3
 Spider Form              Tmut/Pois      0%         N/A       67%         3
 Teleport Other           Tloc           0%         N/A       67%         3
 Olgreb's Toxic Radiance  Pois           0%         N/A       97%         4
 Dispersal                Tloc           0%         N/A       100%        6
 Ozocubu's Refrigeration  Ice            0%         4d5       100%        7
 Ignition                 Fire           0%         3d3       100%        8


Dungeon Overview and Level Annotations

Branches:
Dungeon (5/15)
 Temple: D:4-7

Altars:
Ashenzari
Fedhas
Trog
Uskayaw
Xom
Zin

Annotations:
D:3 1 runed translucent door, makewrite's ghost, novice MiMo


Innate Abilities, Weirdness & Mutations

You cannot wear most types of armour.
You are amphibious.
You can wear up to eight rings at the same time.
Your skin changes colour to match your surroundings (Stealth+).
Your rubbery body absorbs attacks. (AC +1, EV +1)
((You are camouflaged near water. (Stealth+)))
You have tentacles for arms and can constrict up to eight enemies at once.


Message History

The mummy is lightly damaged.
You hit the mummy. You grab the mummy. You squeeze the mummy.
The mummy is heavily damaged.
You constrict the mummy, but do no damage.
You hit the mummy.
The mummy is severely damaged.
You constrict the mummy, but do no damage.
You hit the mummy.
The mummy is almost destroyed.
You constrict the mummy, but do no damage.
You hit the mummy.
You destroy the mummy!
The orc wizard mumbles some strange words.
The orc wizard flickers and vanishes!
Deactivating autopickup; reactivate with Ctrl-A.
A hound comes into view.
The hound barks!
You hear a shout!
You hit the hound. Your grab misses the hound.
The hound is moderately wounded.
The hound barely misses you.
You hit the hound. You grab the hound.
The hound is heavily wounded.
You constrict the hound, but do no damage.
You hit the hound but do no damage. You squeeze the hound.
The hound is heavily wounded.
You constrict the hound. You hit the hound.
The hound is almost dead.
You constrict the hound. The hound barely misses you.
A puff of flame appears from out of thin air!
The puff of flame hits you!
* * * LOW HITPOINT WARNING * * *
Okay, then.
You hit the hound.
You kill the hound!
It was a potion of brilliance.
You feel clever all of a sudden.
A puff of flame appears from out of thin air!
The puff of flame hits you!
You die...

#...# #...# .# ##.##
#...# .# ######...###
#...### .##
..)))).#...#
#...'.##..
######...#.###o..###.#
##.#...#..{.##..#
#.......#..#...###
###...####(.((().#
##.## #@#...### #.#
#†##..# #.# #.###.#
#.# #.' ##.. #.# #.#
.... #5# ..# ....# #5#
..# .##.# ... .# .


You could see an orc.

Vanquished Creatures
  Pikel (D:5)
  A sky beast (D:4)
  A necrophage (D:4)
  An ogre (D:4)
  A phantom (D:4)
  A water moccasin zombie (D:5)
  A howler monkey (D:4)
  A bullfrog zombie (D:4)
  3 hounds
  A jelly (D:5)
  A gnoll shaman (D:5)
  Ijyb (D:3)
  An orc wizard (D:4)
  A mummy (D:5)
  8 gnolls
  7 adders
  An ufetubus (D:4)
  2 adder skeletons (D:4)
  2 worms
  2 dart slugs
  13 orcs
  5 bats
  6 endoplasms
  6 giant cockroaches
  9 goblins
  13 hobgoblins
  3 jackals (D:2)
  2 quokkas (D:1)
  7 ball pythons
  4 frilled lizards
  8 kobolds
  An orc zombie (D:5)
  6 rats
121 creatures vanquished.

Notes
Turn   | Place    | Note
-------+----------+-------------------------------------------
     0 | D:1      | Delamore the Octopode Brigand began the quest for the Orb.
     0 | D:1      | Reached XP level 1. HP: 14/14 MP: 1/1
   206 | D:1      | Reached XP level 2. HP: 9/19 MP: 2/2
   529 | D:1      | Reached skill level 3 in Short Blades
   694 | D:1      | Reached XP level 3. HP: 23/24 MP: 3/3
   860 | D:1      | Found a faded altar of an unknown god.
   860 | D:1      | Noticed a great orb of eyes
   863 | D:1      | Noticed a floating eye
   866 | D:1      | Noticed a shining eye
   866 | D:1      | Noticed a floating eye
  1455 | D:2      | Reached XP level 4. HP: 29/29 MP: 4/4
  2133 | D:3      | Found a shimmering altar of Xom.
  2133 | D:3      | Found a glowing silver altar of Zin.
  2133 | D:3      | Found a blossoming altar of Fedhas.
  2161 | D:3      | Reached skill level 4 in Short Blades
  2202 | D:3      | Found a bloodstained altar of Trog.
  2233 | D:3      | Noticed Ijyb
  2241 | D:3      | Killed Ijyb
  2419 | D:3      | Reached XP level 5. HP: 34/34 MP: 5/5
  2523 | D:3      | Found a runed translucent door.
  2523 | D:3      | Noticed makewrite's ghost (novice MiMo)
  2547 | D:3      | Found a hide-covered altar of Uskayaw.
  2702 | D:3      | Found a broken altar of Ashenzari.
  3365 | D:4      | Noticed an ogre
  3379 | D:4      | Reached skill level 5 in Short Blades
  3390 | D:4      | Killed an ogre
  3391 | D:4      | Reached XP level 6. HP: 23/39 MP: 6/6
  4044 | D:4      | Noticed a sky beast
  4049 | D:4      | Killed a sky beast
  4050 | D:4      | Reached skill level 6 in Short Blades
  4050 | D:4      | Reached XP level 7. HP: 45/45 MP: 7/7
  4093 | D:4      | Reached skill level 7 in Short Blades
  4843 | D:5      | Entered Level 5 of the Dungeon
  5097 | D:5      | Noticed Pikel
  5132 | D:5      | Killed Pikel
  5133 | D:5      | Reached skill level 9 in Short Blades
  5133 | D:5      | Reached XP level 8. HP: 8/50 MP: 8/8
  5515 | D:5      | HP: 2/50 [something/puff of flame (11)]
  5517 | D:5      | Killed from afar by an orc wizard

Illustrated notes

Levels and vault maps discovered:
D:1:      evilmike_arrival_hilbert_curve, layout_loops_ring,
          hellmonk_ecumenical_altar_watching_god
D:2:      layout_loops_cross
D:3:      layout_loops_corners, general_overflow_altar,
          lemuel_coloured_pillars_altar, gammafunk_temple_overflow_claw,
          mainiacjoe_overflow_small_starburst, hellmonk_ghost_happy_afterlife,
          st_stairs_2, minmay_checkerbox, uniq_ijyb
D:4:      minmay_general_purpose_star, layout_basic
D:5:      gammafunk_cloud_chamber, layout_loops_ring,
          worldfamousw_hep_ancestral_shrine, minmay_temple_entry_fiery,
          nicolae_ossuary_entry_giza, uniq_pikel, uniq_blork_the_orc

Skill      XL: |  1  2  3  4  5  6  7 |
---------------+----------------------+-----
Short Blades   | 3 4 5 6 9 |  9.8
Stealth        | 6 |  6.0
Throwing       | 3 4 |  4.0
Fighting       | |  2.0
Dodging        | |  1.0

Action                   |  1- 3 |  4- 6 |  7- 9 || total
-------------------------+-------+-------+-------++-------
Melee: Dagger            |    69 |   112 |    38 ||   219
       Constrict         |    15 |    19 |    29 ||    63
       Tentacles         |     4 |    13 |    32 ||    49
       Quick blade       |       |       |    61 ||    61
Throw: Dart              |       |     6 |    17 ||    23
Evoke: Wand              |       |     2 |     1 ||     3
  Use: Scroll            |       |     4 |     6 ||    10
       Potion            |       |     2 |     1 ||     3
 Stab: Sleeping          |    20 |    11 |     4 ||    35
Armor: Skin              |     2 |    11 |     1 ||    14
Dodge: Dodged            |    25 |    40 |    24 ||    89
